Replay - Dusk Towers (45)

Build Order

Get SALT Encoding   

  12  0:01  Probe (Chrono Boost)  
  13  0:11  Probe (Chrono Boost)  
  14  0:18  Pylon  
  14  0:22  Probe (Chrono Boost)  
  15  0:36  Probe (Chrono Boost)  
  15  0:38  Gateway  
  16  0:47  Probe (Chrono Boost)  
  17  0:54  Assimilator  
  17  0:57  Probe (Chrono Boost)  
  18  1:08  Probe (Chrono Boost)  
  19  1:20  Nexus  
  19  1:29  Cybernetics Core  
  19  1:33  Probe (Chrono Boost)  
  19  1:39  Assimilator  
  20  1:43  Probe (Chrono Boost)  
  21  1:48  Pylon  
  22  1:54  Probe (Chrono Boost)  
  22  2:04  Probe (Chrono Boost)  
  23  2:11  Adept (Chrono Boost)  
  23  2:12  Warp Gate  
  25  2:15  Probe  
  26  2:28  Probe  
  27  2:35  Robotics Facility  
  27  2:37  Probe (Chrono Boost)  
  27  2:40  Mothership Core (Chrono Boost)  
  30  2:48  Probe (Chrono Boost)  
  31  2:52  Pylon  
  31  2:59  Probe x2 (Chrono Boost)  
  33  3:09  Probe x2 (Chrono Boost)  
  33  3:11  Twilight Council  
  35  3:19  Probe (Chrono Boost)  
  36  3:20  Probe (Chrono Boost)  
  36  3:25  Observer (Chrono Boost)  
  38  3:29  Probe  
  38  3:31  Probe  
  40  3:39  Probe  
  41  3:43  Observer (Chrono Boost), Probe  
  41  3:46  Nexus  
  43  3:50  Pylon  
  43  3:52  Probe, Blink (Chrono Boost)  
  43  3:55  Probe  
  45  4:00  Assimilator  
  45  4:03  Pylon, Probe  
  45  4:07  Probe  
  45  4:09  Observer  
  48  4:13  Gateway, Probe  
  48  4:15  Gateway  
  49  4:19  Probe  
  49  4:22  Assimilator  
  49  4:24  Probe  
  51  4:31  Probe  
  51  4:32  Observer  
  51  4:34  Probe  
  54  4:43  Probe  
  54  4:44  Pylon  
  54  4:45  Probe  
  56  4:55  Probe  
  56  4:56  Probe x2  
  59  5:03  Forge x2  
  59  5:04  Warp Prism  
  59  5:05  Pylon  
  59  5:06  Probe  
  61  5:08  Probe  
  61  5:10  Stalker x2  
  61  5:13  Stalker, Probe  
  69  5:16  Probe  
  69  5:20  Probe  
  72  5:23  Pylon  
  72  5:25  Probe  
  73  5:34  Stalker x2  
  77  5:37  Resonating Glaives (Chrono Boost)  
  75  5:42  Stalker  
  75  5:45  Mothership Core  
  75  5:46  Probe  
  80  5:54  Protoss Ground Weapons Level 1 (Chrono Boost), Protoss Ground Armor Level 1 (Chrono Boost)  
  80  5:59  Adept x2  
Spawning Tool Build Advisor. Get it on Overwolf

Go to:

Details

  • Created by: philosotoss
  • Published on: Jun 21, 2016
  • Modified on: Jun 21, 2016
  • Patch: Pre-3.8.0
Show
View Real Time Build Order
Export as new Build Order

Comments (0)

There are no comments. Be the first!

Create an account to comment!